AoeStats
← [PLGRS]socrates'11

Lombardia

509513045Analyzed
4v4 RM · 7d ago on Sep 27, 2026· 42m 51s· 8 players
Game mode
Random Map
Map size
Large (8 player)
Population
200
Speed
Normal
Resources
Standard
Victory
Conquest
Starting age
Dark Age
Ending age
Imperial Age
RankedLock teamsTeams togetherTeam positionsShared explorationLock speedFull tech treeHidden civsTurbo modeCheats
Victory
Defeat
🇨🇳 Mongols · China
1010
+11
🇨🇳 Turks · China
942
+13
🇨🇱 Romans · Chile
887
+16
🇨🇳 Hindustanis · China
688
+23
🇺🇸 Teutons · United States
920
-18
🇺🇸 Ethiopians · United States
888
-16
🇺🇸 Varangians · United States
887
-16
🇺🇸 Japanese · United States
810
-13
Antonio
9:42 Loom
11:54 Feudal Age
15:48 Castle Age
15:50 Double-Bit Axe
15:47 Horse Collar
17:15 Bow Saw
18:36 Wheelbarrow
26:43 Heavy Plow
26:35 Stone Mining
26:35 Gold Mining
28:19 Bloodlines
28:09 Husbandry
28:16 Scale Barding Armor
28:21 Forging
30:00 Chain Barding Armor
32:15 Imperial Age
30:02 Hand Cart
29:32 Town Watch
31:17 Coinage
31:16 Grand Trunk Road
32:01 Iron Casting
32:17 Heavy Camel Rider
33:34 Plate Barding Armor
33:59 Blast Furnace
33:42 Conscription
33:29 Caravan
34:31 Blast Furnace
34:04 Banking
34:04 Imperial Camel Rider
39:41 Two-Man Saw
39:19 Stone Shaft Mining
39:19 Gold Shaft Mining
Vbarbecl
11:42 Feudal Age
17:29 Castle Age
19:50 Stone Mining
24:56 Gold Mining
25:06 Horse Collar
26:13 Heavy Plow
27:51 Wheelbarrow
27:22 Double-Bit Axe
27:46 Loom
28:02 Pikeman
28:42 Squires
29:37 Gold Shaft Mining
29:53 Husbandry
30:44 Hand Cart
31:11 Man-at-Arms
32:42 Bow Saw
35:05 Imperial Age
32:21 Long Swordsman
35:15 Legionary
35:49 Capped Ram
38:36 Crop Rotation
38:20 Scale Mail Armor
38:31 Forging
38:46 Heavy Scorpion
39:07 Halberdier
41:15 Ballistas
41:59 Siege Engineers
42:54 Chemistry
42:15 Ballistics
Manchuria lmuberjack
8:02 Loom
10:37 Feudal Age
18:14 Castle Age
17:42 Double-Bit Axe
17:39 Horse Collar
18:20 Gold Mining
20:58 Wheelbarrow
24:31 Bow Saw
25:14 Heavy Plow
26:00 Hand Cart
27:31 Gold Shaft Mining
31:45 Imperial Age
34:06 Two-Man Saw
36:05 Elite Janissary
38:34 Artillery
43:18 Squires
癸政舒
11:48 Feudal Age
17:16 Castle Age
18:20 Loom
20:24 Double-Bit Axe
21:10 Gold Mining
26:32 Horse Collar
28:37 Heavy Plow
29:55 Bow Saw
30:12 Stone Mining
30:47 Nomads
31:49 Wheelbarrow
34:39 Imperial Age
33:38 Hand Cart
33:40 Bloodlines
35:58 Conscription
35:02 Elite Mangudai
36:19 Parthian Tactics
35:57 Husbandry
36:19 Ballistics
37:02 Chemistry
37:01 Fletching
37:12 Padded Archer Armor
37:44 Drill
38:14 Capped Ram
39:00 Bodkin Arrow
39:20 Leather Archer Armor
38:44 Elite Steppe Lancer
40:48 Bracer
40:59 Siege Ram
41:12 Man-at-Arms
41:52 Squires
[PLGRS]socrates'11
10:22 Loom
12:11 Feudal Age
10:27 Loom
13:24 Double-Bit Axe
18:27 Gold Mining
18:20 Horse Collar
22:02 Castle Age
19:59 Stone Mining
21:07 Wheelbarrow
20:20 Town Watch
21:33 Scale Barding Armor
22:56 Bow Saw
28:17 Heavy Plow
28:45 Forging
30:10 Iron Casting
31:51 Stone Shaft Mining
32:35 Hand Cart
33:29 Bloodlines
34:27 Chain Barding Armor
33:58 Pikeman
34:38 Squires
38:14 Imperial Age
37:36 Scale Mail Armor
39:48 Fortified Wall
40:55 Plate Barding Armor
39:51 Cavalier
41:27 Fletching
[PLGRS]YaMmEr'23
5:21 Loom
11:43 Feudal Age
12:20 Double-Bit Axe
20:49 Castle Age
22:50 Pikeman
23:54 Squires
24:51 Fletching
25:02 Padded Archer Armor
25:31 Ballistics
27:51 Elite Skirmisher
32:03 Imperial Age
30:17 Bow Saw
31:19 Wheelbarrow
34:28 Chemistry
35:22 Two-Man Saw
34:06 Horse Collar
34:20 Gold Mining
34:21 Stone Mining
35:02 Pikeman
35:43 Squires
36:11 Halberdier
36:38 Arson
37:53 Murder Holes
39:59 Scale Mail Armor
40:11 Forging
[PLGRS]MrMeseeks
13:12 Feudal Age
12:23 Loom
18:12 Castle Age
16:46 Horse Collar
16:56 Double-Bit Axe
20:05 Heavy Plow
28:24 Scale Barding Armor
36:18 Imperial Age
33:17 Elite Skirmisher
34:53 Chain Barding Armor
36:19 Forging
36:00 Fletching
38:08 Wheelbarrow
37:42 Elite Varangian Guard
38:28 Squires
39:44 Scale Mail Armor
40:28 Pikeman
42:17 Iron Casting
41:58 Chain Mail Armor
42:03 Halberdier
[PLGRS]SahaFresh
0:51 Loom
13:10 Feudal Age
14:36 Horse Collar
14:44 Double-Bit Axe
21:08 Castle Age
20:32 Fletching
20:53 Forging
21:44 Crossbowman
22:27 Bodkin Arrow
29:05 Gold Mining
29:29 Bow Saw
30:03 Wheelbarrow
32:42 Imperial Age
31:24 Iron Casting
31:36 Murder Holes
32:08 Ballistics
34:50 Chemistry
33:59 Arbalester
34:46 Thumb Ring
35:09 Conscription
35:31 Bracer
35:31 Padded Archer Armor
35:47 Fortified Wall
36:30 Gold Shaft Mining
36:32 Halberdier
39:32 Stone Mining
41:39 Caravan
Connection lost

Rejoining the realm…

Still unreachable

The connection could not be restored.

Session expired

The server has moved on; the page needs a fresh start.